 Dungeon Crawl Stone Soup version 0.31.0-11-ge490571c62 (webtiles) character file.

Game seed: 2757446802319992379

110 qw the Shooter (level 4, -5/23 HPs)
             Began as a Spriggan Hunter on Feb 4, 2024.
             Slain by an ogre
             ... wielding a +0 giant club
              (28 damage)
             ... on level 3 of the Dungeon.
             The game lasted 00:00:06 (1459 turns).

qw the Shooter (Spriggan Hunter)                    Turns: 1459, Time: 00:00:06

Health: -5/23      AC:  2    Str:  7    XL:     4   Next: 61%
Magic:  5/5        EV: 20    Int: 10    God:
Gold:   100        SH:  0    Dex: 20    Spells: 3/3 levels left

rFire   . . .        a - +0 shortbow
rCold   . . .        (shield currently unavailable)
rNeg    . . .        c - +0 robe
rPois   .            (helmet restricted)
rElec   .            (no cloak)
rCorr   .            (gloves unavailable)
SInv    +            (boots unavailable)
Will    .....        (no amulet)
Stlth   ++           (no ring)
HPRegen 0.23/turn    (no ring)
MPRegen 0.09/turn

%: no passive effects
@: very quick
A: very small, no large weapons, unfitting armour, see invisible, speed 3
a: no special abilities


You were on level 3 of the Dungeon.
You visited 1 branch of the dungeon, and saw 3 of its levels.

You collected 100 gold pieces.


Innate Abilities, Weirdness & Mutations

You are very small and have problems with some larger weapons.
You are too small for most types of armour.
You have supernaturally acute eyesight. (SInv)
You cover ground extremely quickly. (Speed+++)


   Skills:
 + Level 1.8 Fighting
 - Level 5.0 Ranged Weapons
 - Level 5.0 Dodging
 - Level 1.5 Stealth


You had 3 spell levels left.
You didn't know any spells.
Your spell library was empty.

Inventory:

Hand Weapons
 a - a +0 shortbow (weapon)
Armour
 c - a +0 robe (worn)
Scrolls
 b - a scroll of revelation {unknown}
Potions
 g - a potion of attraction {unknown}

Dungeon Overview and Level Annotations

Branches:
Dungeon (3/15)

Altars:
Dithmenos

Annotations:
D:2 1 runed translucent door, Crazy Yiuf
D:3 3 runed translucent doors, qw's ghost, amateur DEHu


Message History

You now have 100 gold pieces (gained 16).
Found a robe.
A goblin comes into view. It is wielding a +0 club.
You shoot an arrow. The arrow hits the goblin!
You kill the goblin!
An adder comes into view.
The adder hisses angrily.
You shoot an arrow. The arrow hits the adder.
The adder is lightly wounded.
You shoot an arrow. The arrow barely misses the adder.
You shoot an arrow. The arrow misses the adder.
You shoot an arrow. The arrow hits the adder!
The adder is almost dead.
The adder closely misses you.
You shoot an arrow. The arrow hits the adder!
You kill the adder!
Found 5 stones.
Found a stone staircase leading down.
b - a scroll labelled IKKEYC RILOYSS
Found 6 stones.
An endoplasm comes into view.
The endoplasm quivers.
You shoot an arrow.
The arrow hits the endoplasm but does no damage.
You shoot an arrow. The arrow hits the endoplasm!
You kill the endoplasm!
Found a book of Displacement.
Things that are here:
a +0 club; a goblin corpse An ogre and a goblin come into view.
The ogre shouts!
You shoot an arrow. The arrow closely misses the ogre.
The goblin shouts!
You shoot an arrow. The arrow closely misses the ogre.
You shoot an arrow. The arrow hits the ogre.
The ogre is lightly wounded.
You shoot an arrow. The arrow barely misses the ogre.
The arrow hits the goblin.
The goblin is severely wounded.
The ogre hits you with a +0 giant club!!
Ouch! That really hurt!
You die...

... ........# ..#........
..........#... .........+..#.
#.###.#......+...W .....g.
...+..# #:
#####..O###..#...#...
......=@.....#g......
.............#########
#................(........
#......................... #
#.........................
#.###...............).........
.............................
#...............[..........
#..........................


You could see an ogre, a hobgoblin and a goblin.

Vanquished Creatures
  An iguana (D:2)
  4 adders
  A ribbon worm (D:2)
  An orc (D:3)
  4 endoplasms
  3 giant cockroaches
  6 goblins
  3 hobgoblins
  5 kobolds
  A quokka (D:2)
  8 ball pythons
  2 bats
  3 frilled lizards
  4 rats
46 creatures vanquished.

Notes
Turn   | Place    | Note
-------+----------+-------------------------------------------
     0 | D:1      | qw the Spriggan Hunter began the quest for the Orb.
     0 | D:1      | Reached XP level 1. HP: 10/10 MP: 2/2
     0 | D:1      | 0 ||| qw: Version: 0.3-a-160-g6735b56
     0 | D:1      | 0 ||| qw: Game counter: 5522
     0 | D:1      | 0 ||| qw: Melee chars always use a shield: true
     0 | D:1      | 0 ||| qw: God list: Okawaru
     0 | D:1      | 0 ||| qw: Allow faded altars: false
     0 | D:1      | 0 ||| qw: Do Orc after clearing Dungeon:15 true
     0 | D:1      | 0 ||| qw: Do second Lair branch before Depths: true
     0 | D:1      | 0 ||| qw: Lair rune preference: random
     0 | D:1      | 0 ||| qw: Goals: Normal
     0 | D:1      | 0 ||| PLANNING D:1-11
    62 | D:1      | Reached skill level 3 in Dodging
   292 | D:1      | Reached XP level 2. HP: 14/14 MP: 3/3
   652 | D:1      | 652 ||| DROPPING scroll of butterflies.
   667 | D:2      | HP: 3/14 [ball python (2)]
   728 | D:2      | 728 ||| RETREEEEATING.
   738 | D:2      | Reached XP level 3. HP: 10/18 MP: 4/4
   738 | D:2      | 738 ||| FLEEEEING.
   739 | D:2      | 739 ||| FLEEEEING.
   740 | D:2      | 740 ||| FLEEEEING.
   741 | D:2      | 741 ||| FLEEEEING.
   742 | D:2      | 742 ||| FLEEEEING.
   743 | D:2      | 743 ||| FLEEEEING.
   744 | D:2      | 744 ||| STAIRDANCE
   787 | D:2      | 787 ||| FLEEEEING.
   789 | D:2      | 789 ||| FLEEEEING.
   790 | D:2      | 790 ||| FLEEEEING.
   792 | D:2      | 792 ||| FLEEEEING.
   793 | D:2      | 793 ||| FLEEEEING.
   839 | D:2      | 839 ||| DROPPING +0 sling of electrocution.
   882 | D:2      | Found a runed translucent door.
   883 | D:2      | Noticed Crazy Yiuf
   935 | D:2      | Found a shadowy altar of Dithmenos.
  1049 | D:2      | Reached XP level 4. HP: 22/22 MP: 5/5
  1271 | D:2      | 1271 ||| READING scroll labelled KIMAPT VOANT.
  1271 | D:2      | 1271 ||| IDENTIFYING emerald potion
  1272 | D:2      | 1272 ||| READING scroll labelled FYCSAA ELIVASE.
  1321 | D:2      | 1321 ||| READING scroll labelled ULOROD SAUNWYC.
  1322 | D:2      | 1322 ||| DROPPING potion of ambrosia.
  1341 | D:3      | 1341 ||| PLANNING SEWER
  1450 | D:3      | Found a runed translucent gate.
  1451 | D:3      | Found a runed translucent gate.
  1452 | D:3      | Found a runed translucent gate.
  1452 | D:3      | Noticed qw's ghost (amateur DEHu)
  1455 | D:3      | Noticed an ogre
  1459 | D:3      | Slain by an ogre

Levels and vault maps discovered:
D:1:      evilmike_arrival_crescent, layout_loops_ring
D:2:      layout_basic, basic_altar, minmay_pentomino_p2,
          uniq_crazy_yiuf_cottage
D:3:      layout_basic, lemuel_tele_altar, gup_sewer_entry_pipe,
          gammafunk_ghost_split

Skill      XL: |  1  2  3  4 |
---------------+-------------+-----
Dodging        | 3 4 5 |  5.0
Ranged Weapons | 5 |  5.0
Fighting       | |  1.8
Stealth        | |  1.5

Action                     |  1- 3 |  4- 6 || total
---------------------------+-------+-------++-------
   Fire: Shortbow          |    80 |    32 ||   112
    Use: Scroll            |       |     3 ||     3
 Armour: Robe              |    13 |     1 ||    14
  Dodge: Dodged            |    48 |     5 ||    53

Table legend:
 A = Non-vault XP
 B = Vault XP
 C = Vault XP percentage of total XP
 D = Non-vault monster count
 E = Vault monster count
 F = Vault count percentage of total count
                 A         B        C        D         E       F
            +---------+---------+-------+---------+---------+-------
      Total |     156 |       2 |   1.3 |      44 |       2 |   4.3
            +---------+---------+-------+---------+---------+-------
        D:1 |      15 |       0 |   0.0 |      10 |       0 |   0.0
        D:2 |     100 |       2 |   2.0 |      25 |       2 |   7.4
        D:3 |      41 |       0 |   0.0 |       9 |       0 |   0.0
            +---------+---------+-------+---------+---------+-------
